Cogmind - Beta 14 *** ADVENTURER MODE // 2024.10.01 @ 12:13:33 Player: GwagWa Result: Destroyed by as-03895 with Assembled Blade Performance ------------- Evolutions (0) 0 Regions Visited (2) 400 Robots Destroyed (12) 60 Value Destroyed (190) 190 Prototype IDs (0) 0 Alien Tech Used (0) 0 Bonus (0) 0 TOTAL SCORE: 650 Bonus ------- None Cogmind --------- Core Integrity 0/250 Matter 202/300 Energy 20/100 System Corruption 4% Temperature Cool (84) Movement Core (50) Location -10/Mines Parts ------- > --- POWER (1) -------- (None) > --- PROPULSION (2) --- (None) > --- UTILITY (2) ------ (None) > --- WEAPON (2) ------- (None) > --- INVENTORY (5) ---- (None) Peak State ------------ > --- POWER ------------ Light Ion Engine > --- PROPULSION ------- Aluminum Leg Aluminum Leg > --- UTILITY ---------- Small Storage Unit ECM Suite > --- WEAPON ----------- Light Assault Rifle Light Assault Rifle > --- INVENTORY -------- Medium Laser [Rating: 7] Favorites ----------- Power Light Ion Engine Engine Light Ion Engine Propulsion Aluminum Leg Leg Aluminum Leg Flight Unit Flight Unit Utility ECM Suite Device ECM Suite Storage Small Storage Unit Weapon Light Assault Rifle Energy Gun Medium Laser Ballistic Gun Light Assault Rifle Ballistic Cannon Light Cannon Build | -11 -10 -10 ------- Run | Yrd Mat Min Slots Evolved . | . . . Power . | . . . Propulsion . | . . . Utility . | . . . Weapon . | . . . Parts Attached 20 | 6 4 10 Power 2 | 1 . 1 Engine 2 | 1 . 1 Core . | . . . Reactor . | . . . Propulsion 4 | 2 . 2 Treads . | . . . Leg 2 | 2 . . Wheel . | . . . Hover . | . . . Flight 2 | . . 2 Utility 4 | 1 2 1 Device 3 | . 2 1 Storage 1 | 1 . . Processor . | . . . Hackware . | . . . Protection . | . . . Artifact . | . . . Weapon 10 | 2 2 6 Energy Gun 4 | 1 . 3 Energy Cannon . | . . . Ballistic Gun 5 | 1 1 3 Ballistic Cannon 1 | . 1 . Launcher . | . . . Special Weapon . | . . . Impact Weapon . | . . . Slashing Weapon . | . . . Piercing Weapon . | . . . Special Melee Weapon . | . . . Unidentified Prototypes . | . . . Parts Lost 8 | . 1 7 Power 1 | . . 1 Propulsion 2 | . . 2 Utility 2 | . . 2 Weapon 3 | . 1 2 Highest Loss Streak 7 | . 1 7 To Critical Strikes . | . . . Average Slot Usage (%) 96 | . 97 89 Engine 13 | . 14 11 Leg 23 | . 28 6 Flight 3 | . . 17 Device 24 | . 24 26 Storage 1 | . 2 . Energy Gun 1 | . 1 4 Ballistic Gun 19 | . 19 21 Ballistic Cannon 5 | . 7 . Peak Build Rating 7 | 6 7 7 Average Rating 6 | 4 6 6 On Entrance 4 | . 6 6 Naked Turns . | . . . Heaviest Build 12 | 11 12 8 Greatest Support 20 | 20 20 20 Greatest Overweight (x) 1 | . . 1 Average Overweight (x) . | . . . Largest Inventory Capacity 8 | 8 8 5 Average Capacity 5 | 6 5 5 Most Carried 5 | 4 5 5 Average Carried 2 | . 3 2 Final Capacity 8 | 8 5 5 Final Carried 5 | . 5 . Class Distribution -------------------- 66% | Infiltrator-Mutant 18% | Mutant 14% | Scavenger-Mutant Dominant Class ---------------- Infiltrator-Mutant | -10/Materials Scavenger-Mutant | -10/Mines Resources | -11 -10 -10 ----------- Run | Yrd Mat Min Matter Collected 419 | 217 150 52 Remotely . | . . . Salvage Created 223 | . 138 85 Parts 19 | . 13 6 Haulers Intercepted . | . . . Recyclers Shooed . | . . . Parts Field Recycled . | . . . Retrieved Matter . | . . . Parts Self-Destructed . | . . . Prevented . | . . . Kills | -11 -10 -10 ------- Run | Yrd Mat Min Combat Hostiles Destroyed 12 | . 7 5 Guns 5 | . . 5 Cannons 7 | . 7 . Classes Destroyed 4 | . 3 1 Watcher 2 | . 2 . Swarmer 8 | . 5 3 Grunt 2 | . 2 . Assembled 2 | . . 2 Best Kill Streak 4 | . 4 3 Combat Bots Only 3 | . 3 3 Max Kills in Single Turn 1 | . 1 1 Gunslinging . | . . . Exploded . | . . . Melee . | . . . Uniques/NPCs Destroyed . | . . . Combat | -11 -10 -10 -------- Run | Yrd Mat Min Hostile Shots Fired 134 | . 59 75 Missed 49 | . 25 24 Damage Taken 821 | . 204 617 Core 265 | . 25 240 Absorbed by Shields . | . . . Ignored by Resistances 247 | . 68 179 Core Remaining (%) 100 | 100 . . Volleys Fired 45 | . 30 15 Largest 2 | . 2 2 Hottest 55 | . 55 40 Shots Fired 82 | . 55 27 Gun 57 | . 30 27 Cannon 25 | . 25 . Launcher . | . . . Special . | . . . Kinetic 82 | . 55 27 Thermal . | . . . Explosive . | . . . Electromagnetic . | . . . Robot Hit Streak 11 | . 5 11 Robot Miss Streak 2 | . 2 2 Penetration Max . | . . . Secondary Targets 4 | . . 4 Max Gunslinging Chain 1 | . . 1 Shots Hit Robots 52 | . 32 20 Core Hits 20 | . 11 9 Critical Kills . | . . . Critical Parts Destroyed . | . . . Critical Strikes 1 | . 1 . Blast 1 | . 1 . Melee Attacks . | . . . Impact . | . . . Slashing . | . . . Piercing . | . . . Sneak Attacks . | . . . Combat Hostiles . | . . . Follow-up Attacks . | . . . Damage Inflicted 579 | . 411 168 Guns 279 | . 111 168 Cannons 300 | . 300 . Explosions . | . . . Melee . | . . . Ramming . | . . . Kinetic 579 | . 411 168 Thermal . | . . . Explosive . | . . . Electromagnetic . | . . . Impact . | . . . Slashing . | . . . Piercing . | . . . Highest Corruption 4 | . . 4 Average Corruption 4 | . . 4 Corruption Purged . | . . . Corruption Blocked . | . . . Effects 1 | . . 1 Heat Flow Errors 1 | . . 1 Overload Shots . | . . . Overflow Damage . | . . . Projectiles . | . . . Explosions . | . . . Melee . | . . . Knockbacks 6 | . 6 . Impact . | . . . Kinetic 6 | . 6 . Secondary . | . . . Self-Inflicted Damage . | . . . Shots . | . . . Rammed . | . . . Targets Rammed . | . . . Kicked . | . . . Crushed . | . . . Highest Temperature 268 | . 28 268 Average Temperature 53 | . 11 123 Received Heat Transfer 286 | . 6 280 Siege Activations . | . . . Robots Corrupted . | . . . Combat Hostiles . | . . . Parts Fried . | . . . Impact Corruptions . | . . . Robots Melted . | . . . Combat Hostiles . | . . . Parts Melted . | . . . Heat Transferred . | . . . Parts Sabotaged . | . . . Parts Stolen . | . . . Parts Stripped . | . . . Power Chain Reactions . | . . . Alert | -11 -10 -10 ------- Run | Yrd Mat Min Peak Influence 127 | . 127 119 Initial 34 | . . 34 Average 44 | . 33 107 Maximum Alert Level . | . . . Low Security (%) 100 | 100 100 100 Level 1 . | . . . Level 2 . | . . . Level 3 . | . . . Level 4 . | . . . Level 5 . | . . . High Security . | . . . Max Security . | . . . Squads Dispatched . | . . . Investigation . | . . . Extermination . | . . . Reinforcement . | . . . Assault . | . . . Garrison . | . . . Intercept . | . . . Searches Triggered . | . . . Construction Impeded . | . . . Haulers Reinforced . | . . . Active Scanning Responses . | . . . Cargo Convoy Interrupts . | . . . Stealth | -11 -10 -10 --------- Run | Yrd Mat Min Distress Signals 2 | . 2 . Communications Jammed . | . . . Distress Signals . | . . . Times Spotted 38 | . 22 16 Peak Tracking Total 18 | . 4 18 Tactical Retreats 7 | . 5 2 Traps | -11 -10 -10 ------- Run | Yrd Mat Min Traps Triggered 1 | . 1 . Indirectly . | . . . Trap Hack Attempts . | . . . Triggered . | . . . Disarmed . | . . . Reprogrammed . | . . . Reused . | . . . Traps Extracted . | . . . Installed . | . . . Triggered . | . . . Machines | -11 -10 -10 ---------- Run | Yrd Mat Min Machines Disabled 1 | . 1 . Max in Single Turn 1 | . 1 . Machines Repaired . | . . . Machines Dismantled . | . . . Machines Sabotaged . | . . . Overloaded Fab Kills . | . . . Hacking | -11 -10 -10 --------- Run | Yrd Mat Min Machines Accessed 2 | . 2 . Terminals 2 | . 2 . Fabricators . | . . . Repair Stations . | . . . Recycling Units . | . . . Scanalyzers . | . . . Garrison Access . | . . . Total Hacks 3 | . 3 . Successful 2 | . 2 . Failed 1 | . 1 . Catastrophic . | . . . Database Lockouts . | . . . Manual . | . . . Terminals 3 | . 3 . Fabricators . | . . . Repair Stations . | . . . Recycling Units . | . . . Scanalyzers . | . . . Garrison Access . | . . . Terminal Hacks 2 | . 2 . Record 1 | . 1 . Alert Level 1 | . 1 . Fabricator Hacks . | . . . Repair Station Hacks . | . . . Recycling Unit Hacks . | . . . Scanalyzer . | . . . Garrison Access Hacks . | . . . Unauthorized Hacks . | . . . Terminals . | . . . Fabricators . | . . . Repair Stations . | . . . Recycling Units . | . . . Scanalyzers . | . . . Garrison Access . | . . . Data Cores Recovered . | . . . Used . | . . . Hacking Detections 2 | . 2 . Full Trace Events . | . . . Feedback Events . | . . . Feedback Blocked . | . . . Robot Schematics Acquired . | . . . Robots Built . | . . . Authchips . | . . . Time . | . . . Total Robot Build Rating . | . . . Part Schematics Acquired . | . . . Parts Built . | . . . Authchips . | . . . Time . | . . . Total Part Build Rating . | . . . Parts Repaired . | . . . Time . | . . . Parts Recycled . | . . . Recycled Matter . | . . . Retrieved Matter . | . . . Retrieved Components . | . . . Parts Scanalyzed . | . . . Part Schematics Acquired . | . . . Parts Damaged . | . . . Bothacking | -11 -10 -10 ------------ Run | Yrd Mat Min Used RIF Installer . | . . . Robots Hacked . | . . . Non-combat . | . . . Combat . | . . . Robot Hacks Applied . | . . . Relay Couplers Released . | . . . Fabnet Peak Effective % . | . . . Robots Rewired . | . . . Allies Hacked . | . . . Hacks Repelled . | . . . Allies | -11 -10 -10 -------- Run | Yrd Mat Min Total Allies . | . . . Largest Group . | . . . Highest-Rated Group . | . . . Highest-Rated Ally . | . . . Total Orders . | . . . Ally Attacks . | . . . Total Damage . | . . . Kills . | . . . Allies Corrupted . | . . . Allies Melted . | . . . Intel | -11 -10 -10 ------- Run | Yrd Mat Min Robot Analysis Total . | . . . Derelict Logs Recovered . | . . . Drone Launches . | . . . Drone Recoveries . | . . . Exploration | -11 -10 -10 ------------- Run | Yrd Mat Min Turns Passed 700 | 45 533 122 Spaces Moved 502 | 33 358 111 Core 9 | 9 . . Treads . | . . . Legs 383 | 24 358 1 Wheels . | . . . Hover . | . . . Flight 110 | . . 110 Fastest Speed 37 | 50 120 37 Average Speed 100 | 100 120 38 Slowest Speed 120 | 120 120 120 Overloaded Moves . | . . . Propulsion Burnouts . | . . . Robots Hopped . | . . . Cave-ins Triggered . | . . . Exploration Rate (%) 24 | 3 44 25 Regions Visited 2 Branch Regions 1 Pre-discovered Areas . | . . . Known Exits Taken . | . . . Unknown Exits Taken 2 | 1 1 . Scrap Searched . | . . . Spaces Dug . | . . . Terrain Destroyed . | . . . Melee . | . . . Projectile . | . . . AOE . | . . . Terrain Rammed . | . . . Walls Destroyed . | . . . Machines Disabled . | . . . Actions | -11 -10 -10 --------- Run | Yrd Mat Min Total 631 | 44 414 173 Wait 38 | . 13 25 Move 500 | 32 357 111 Hop . | . . . Pick Up 16 | 6 7 3 Fast Attach . | . . . Attach 20 | 6 4 10 Detach 4 | . 2 2 Swap . | . . . Drop 8 | . 1 7 Fire 45 | . 30 15 Melee . | . . . Ram . | . . . Kick . | . . . Crush . | . . . Escape Stasis . | . . . Rewire . | . . . Trap . | . . . Miscellaneous . | . . . Route ------- -11/Scrapyard -10/Materials -10/Mines History --------- Turn | Location | Event 5 | -11/Scrapyard | Discovered new exit (range 15) 46 | -11/Scrapyard | Entered Materials 160 | -10/Materials | Discovered new exit (range 9) 441 | -10/Materials | Build established: Infiltrator-Mutant 579 | -10/Materials | Entered Mines 614 | -10/Mines | Met a Derelict bent on vengeance 657 | -10/Mines | Assembled infested the area 689 | -10/Mines | Core integrity fell below 50% 699 | -10/Mines | Core integrity fell below 20% 701 | -10/Mines | Destroyed by as-03895 with Assembled Blade Last Messages --------------- Acquired Lgt. Assault Rifle. Dropped Lgt. Assault Rifle. T-07 Excavator is excavating. ALERT: Infestation in the mines, dispatching Demolisher response squad. Flight Unit destroyed. System corrupted by crushing effect (+4). Knocked back. System corrupted: Heat flow error (+214). as-42847 destroyed. Switching to secondary target: as-55702. as-55702 destroyed. Switching to secondary target: as-03895. Lgt. Ion Engine destroyed. Dropped Lgt. Assault Rifle. EM Pulse Gun destroyed. ECM Suite destroyed. Flight Unit destroyed. Med. Laser destroyed. Structural Scanner destroyed. [Achievement: First Step to Greatness] Map ----- +----------------------------------------------------+ | ?????????????????????????????????????????????????? | | ?????????????????????????????????????????????????? | | ?????????????????????????????????????????????????? | | ?????????????????????????????????????????????????? | | ?????????????????????????????????????????????????? | | ?????????????????????????????????????????????????? | | ?????????????????????????????????????????????????? | | ?????????????????????????????????????????????????? | | ?????????????????????????????????????????????????? | | ?????????????????????????????????????????????????? | | ?????????????????????????????????????????????????? | | ?????????????????????????????????????????????????? | | ?????????????????????????????????????????????????? | | ?????????????????????????????????????????????????? | | ?????????????????????????????????????????????????? | | ?????????????????????????????????????????????????? | | ?????????????????????????????????????????????????? | | ?????????????????????????????????????????????????? | | ?????????????????????????????????????????????????? | | ?????????????????????????????????????????????????? | | ????????????????#####????????????????????????????? | | ???????????????######????????????????????????????? | | ???????????????### #####???????????????? #????? | | ???????????????## #########???????? ? ##????? | | ???????????????## #######??????? ##????? | | ???????????????### [@% #####???? ##????? | | ????????????????###### aaaa#####??? ##????? | | ???????????????? ########## a #####? ##????? | | ????????????????????######## ##### ###????? | | ?????????????????????????#### ### ##?????? | | ??????????????????????????#### ###?????? | | ???????????????????????????#### ###??????? | | ????????????????????????????#### ###??????? | | ?????????????????????????????### ##???????? | | ??????????????????????????????## ###???????? | | ??????????????????????????????### ###???????? | | ??????????????????????????????#### ####??????? | | ???????????????????????????????### ###??????? | | ????????????????????????????????### ###?????? | | ????????????????????????????######## ####????? | | ?????????????????????############### ####???? | | ?????????????????????######### ### ####### | | ????????????????????? ###### | | ????????????????????? | | ???????????????????????#### | | ???????????????????????### ##### | | ?????????????????????? ## ###### | | ????????????????????? #### ####?## | | ?????????????????????#### #############??## | | ?????????????????????#### #####?############## | +----------------------------------------------------+ Best States ------------- Heat Dissipation 25 Energy Generation 10 Energy Capacity 125 Matter Stores 300 Matter Capacity 300 Sight Range 16 Terrain Scan Density 10 ECM Strength 1 Resistance: KI 20 Resistance: TH 20 Resistance: EX 20 Resistance: EM 20 Resistance: I 20 Resistance: S 20 Resistance: P 20 Evasion (%) 62 Offensive Hacking 10 Item Schematics ----------------- None Robot Schematics ------------------ None Fabricated ------------ Nothing Alien Tech Used ----------------- None Achievements -------------- First Step to Greatness Challenges ------------ None Game ------ Seed ZioniteLatentCloak Manual? 0 Play Time 00:13:14 Cumulative 2.2 hours Start 2024.10.01 @ 12:03:38 End 2024.10.01 @ 12:13:33 Sessions 1 Manual Loads 0 Difficulty Adventurer Special Mode None Game No. 8 Rogue 0 Adventurer 8 Explorer 0 Win Type - Total 0 Types 0/0/0/0/0/0/0/0/0 Lore% 4 Gallery% 8 Achievement% 7 Wizard Run 0 Options --------- Layout 0 ASCII 0 Keyboard 0 Movement Arrows Keybinds 0 Fullscreen 1 Font 18/SmallcapsGlow Map View 76x50 Zoom Use 0% Tactical HUD 0 Map Filters NONE Filters NONE Steam 1 RUN: b66f84e3-c317-4056-a115-efdc3a77e265